 Dungeon Crawl Stone Soup version 0.27-a0-1579-g97d2440184 (webtiles) character file.

Game seed: 4032430492502068342

128 Sin92 the Skirmisher (level 4, -1/37 HPs)
             Began as a Demonspawn Fighter on July 18, 2021.
             Slain by a gnoll (8 damage)
             ... on level 3 of the Dungeon.
             The game lasted 00:03:51 (1950 turns).

Sin92 the Skirmisher (Demonspawn Fighter)           Turns: 1950, Time: 00:03:52

Health: -1/37      AC: 10    Str: 17    XL:     4   Next: 87%
Magic:  4/4        EV:  8    Int: 10    God:
Gold:   57         SH:  9    Dex: 12    Spells: 3/3 levels left

rFire    + . .     SeeInvis .   a - +0 war axe
rCold    + . .     Faith    .   c - +0 kite shield
rNeg     . . .     Spirit   .   h - +0 chain mail
rPois    +         Reflect  .   (no helmet)
rElec    +         Harm     .   l - +0 cloak
rCorr    +         Rampage  .   (no gloves)
Will     .....                  (no boots)
Stlth    ..........             (no amulet)
HPRegen  0.12/turn              (no ring)
MPRegen  0.09/turn              (no ring)

@: resistant, very slightly contaminated, invisible
A: repulsion field 2
a: no special abilities


You were on level 3 of the Dungeon.
You visited 1 branch of the dungeon, and saw 3 of its levels.

You collected 57 gold pieces.

Inventory:

Hand Weapons
 a - a +0 war axe (weapon)
 f - a +0 flail of draining
Armour
 b - a +0 scale mail
 c - a +0 kite shield (worn)
 h - a +0 chain mail (worn)
 l - a +0 cloak (worn)
Scrolls
 i - 2 scrolls of identify {unknown}
 k - a scroll of fear {unknown}
 m - a scroll of teleportation
Potions
 d - 2 potions of might
 e - a potion of curing
 n - 2 potions of haste


   Skills:
 + Level 3.7 Fighting
 + Level 2.5 Axes
 + Level 3.2 Armour
 + Level 1.6 Dodging
 + Level 3.3 Shields


You had 3 spell levels left.
You didn't know any spells.
Your spell library was empty.

Dungeon Overview and Level Annotations

Branches:
Dungeon (3/15)

Altars:

Shops:
D:1 ?


Innate Abilities, Weirdness & Mutations

You are surrounded by a moderate repulsion field. (EV +3)


Message History

You feel better. The gnoll hits you with a +0 flail.
* * * LOW HITPOINT WARNING * * *
You block the gnoll's attack.
You feel better. The gnoll barely misses you. The gnoll closely misses you.
You fade into invisibility!
The gnoll hits you with a +0 flail.
* * * LOW HITPOINT WARNING * * *
The gnoll barely misses you.
You are very lightly contaminated with residual magic.
You hit the gnoll but do no damage.
The gnoll is moderately wounded.
The gnoll closely misses you. The gnoll hits you but does no damage.
You closely miss the gnoll.
The gnoll is moderately wounded.
The gnoll closely misses you. You block the gnoll's attack.
You hit the gnoll.
The gnoll is moderately wounded.
The gnoll closely misses you. x2
You slash the gnoll!
The gnoll is almost dead.
You block the gnoll's attack.
The gnoll hits you from afar with a +0 halberd.
* * * LOW HITPOINT WARNING * * *
You block the gnoll's attack. The gnoll misses you.
You hit the gnoll but do no damage.
The gnoll is almost dead.
The gnoll barely misses you.
You barely miss the gnoll.
The gnoll is almost dead.
You barely miss the gnoll.
The gnoll is almost dead.
The gnoll closely misses you.
You strike the helpless gnoll from behind!
You hit the gnoll.
You kill the gnoll!
The gnoll closely misses you.
You see here a +0 flail.
You barely miss the gnoll. You block the gnoll's attack.
The gnoll hits you with a +0 halberd!
You die...

#.......+...# #...#.#
#########.......##..#
#...#.#####
.................#..#
#...#......
#########........#..#
#...#######
........?......#.#..#
#####
#########.######.#..#
#.# #.#..# ## #.# #.#
#< #.######@# ##
#########......)g#
.................#
################.#
#.. #.# #.# ###


You could see a gnoll.

Vanquished Creatures
  Terence (D:2)
  Robin (D:2)
  2 gnolls (D:3)
  3 worms (D:2)
  A dart slug (D:1)
  An orc (D:3)
  A ball python (D:2)
  6 endoplasms
  A giant cockroach (D:1)
  15 goblins
  6 hobgoblins
  2 jackals (D:1)
  2 quokkas (D:2)
  3 bats
  2 frilled lizards (D:1)
  5 kobolds
  6 rats
58 creatures vanquished.

Vanquished Creatures (others)
  3 goblins (D:2)
3 creatures vanquished.

Grand Total: 61 creatures vanquished

Notes
Turn   | Place    | Note
-------+----------+-------------------------------------------
     0 | D:1      | Sin92 the Demonspawn Fighter began the quest for the Orb.
     0 | D:1      | Reached XP level 1. HP: 18/18 MP: 1/1
   241 | D:1      | Found Hycworgh's Magic Scroll Shoppe.
   262 | D:1      | Gained mutation: You are surrounded by a mild repulsion
                  | field. (EV +2) [demonic ancestry]
   262 | D:1      | Reached XP level 2. HP: 23/24 MP: 2/2
   547 | D:1      | Found a faded altar of an unknown god.
   689 | D:1      | Reached XP level 3. HP: 29/29 MP: 3/3
   988 | D:2      | Reached skill level 1 in Dodging
  1088 | D:2      | Noticed Robin
  1104 | D:2      | Killed Robin
  1283 | D:2      | Gained mutation: You are surrounded by a moderate repulsion
                  | field. (EV +3) [demonic ancestry]
  1283 | D:2      | Reached XP level 4. HP: 35/35 MP: 4/4
  1292 | D:2      | Noticed Terence
  1300 | D:2      | Killed Terence
  1950 | D:3      | Slain by a gnoll

Illustrated notes

Levels and vault maps discovered:
D:1:      dpeg_arrival_snail, layout_loops_ring, serial_shops, shop,
          shapermc_ecumenical_altar_starsandcircs, hangedman_decor_push,
          minmay_misc_feat_alley
D:2:      layout_rooms, uniq_robin, uniq_terence
D:3:      layout_basic, lemuel_flame_loot_1

Skill      XL: |  1  2  3 |
---------------+----------+-----
Axes           | 2 |  2.5
Armour         | 3 |  3.2
Shields        | 3 |  3.3
Dodging        | 1 |  1.6
Fighting       | |  3.7

Action                   |  1- 3 |  4- 6 || total
-------------------------+-------+-------++-------
Melee: War axe           |   115 |    70 ||   185
  Use: Potion            |     4 |     4 ||     8
       Scroll            |     3 |       ||     3
 Stab: Invisible         |     2 |     1 ||     3
Armor: Scale mail        |    53 |     1 ||    54
       Skin              |     7 |       ||     7
       Chain mail        |       |    16 ||    16
Dodge: Dodged            |    50 |    41 ||    91
Block: Kite shield       |    62 |    43 ||   105

Table legend: (Time is in decaauts)
 A = Elapsed time spent in this place.
 B = Non-inter-level travel time spent in this place.
 C = Inter-level travel time spent in this place.
 D = Time resting spent in this place.
 E = Time spent auto-exploring this place.
 F = Levels seen in this place.
 G = Mean time per level.
                   A        B        C        D        E       F      G
               +--------+--------+--------+--------+--------+-----+--------+
         Total |   2072 |   2066 |      6 |      0 |   1549 |   3 |  690.7 |
       Dungeon |   2072 |   2066 |      6 |      0 |   1549 |   3 |  690.7 |
               +--------+--------+--------+--------+--------+-----+--------+

Top non-repeatable levels by time:
     D:1: 989 daAuts
     D:2: 909 daAuts
     D:3: 174 daAuts
